Monarchs vs Phantoms

Created - Thursday, March 12, 2015 at 01:15

Goals
1 2 3 T
Monarchs 1 2 2 5
Phantoms 0 0 1 1
Shots
1 2 3 T
Monarchs 12 5 14 31
Phantoms 6 5 6 17

1st period

1. Monarchs , Joe Morrow 6 (Mikhail Grigorenko, Jared Knight) at 1:56 (PP)

Penalties :
Garnet Exelby (ADR) for Roughing (Minor) at 0:41, Keegan Lowe (ADR) for High sticking (Minor) at 1:50, Randy Jones (ADR) for Fighting (Major) at 4:27, Bobby Robins (MAN) for Fighting (Major) at 4:27, Zack Stortini (ADR) for Holding Stick (Minor) at 5:00, Mathieu Tousignant (MAN) for Hooking (Minor) at 13:46

2nd period

2. Monarchs , Nathan Paetsch 4 (Jared Knight, Keith Ballard) at 0:47 (SH)
3. Monarchs , David Rundblad 25 (Mikhail Grigorenko, Jared Knight) at 7:17 (PP)

Penalties :
Jason Jaffray (MAN) for Interference (Minor) at 0:28, Zack Stortini (ADR) for Fighting (Major) at 3:50, Derek Forbort (MAN) for Fighting (Major) at 3:50, Greg Zanon (ADR) for High sticking (Minor) at 5:21, Keegan Lowe (ADR) for Tripping (Minor) at 8:46

3rd period

4. Monarchs , Brett Olson 10 (Derek Forbort, Matej Stransky) at 1:21
5. Monarchs , Keith Ballard 51 (Brett Olson) at 5:05
6. Phantoms , Ville Leino 1 (Greg Zanon) at 5:37

Penalties :
Zack Stortini (ADR) for Fighting (Major) at 5:03, Taylor Doherty (MAN) for Fighting (Major) at 5:03, Garnet Exelby (ADR) for Fighting (Major) at 5:53, Matej Stransky (MAN) for Fighting (Major) at 5:53, Marek Mazanec (ADR) for Slashing (Minor) at 6:59 - Greg Zanon served the penalty, Zack FitzGerald (ADR) for Hooking (Minor) at 18:39

Goalie Stats

Reto Berra (MAN), 16 saves from 17 shots - (0.941), W, 8-4-5, 60:00 minutes
Marek Mazanec (ADR), 10 saves from 10 shots - (1.000), 14:55 minutes
Laurent Brossoit (ADR), 16 saves from 21 shots - (0.762), L, 0-6-1, 45:05 minutes

Players Stats for Monarchs

Player Name              G  A  P  +/- PIM S  H  SB GA TA FO     MP     PP MP  PK MP  
------------------------------------------------------------------------------------
Bobby Robins             0  0  0   1  5   0  1  0  0  0  3/4    13:08   0:00   2:13 
Brett Olson              1  1  2   2  0   4  2  0  0  0  5/12   19:32   5:30   0:00 
Byron Froese             0  0  0   0  0   0  0  0  0  0  0/0     3:32   0:00   0:00 
C.J. Stretch             0  0  0   0  0   1  2  0  0  0  4/6    16:42   0:54   0:58 
Cody Beach               0  0  0   0  0   0  0  0  0  0  0/0     0:00   0:00   0:00 
David Rundblad           1  0  1   0  0   7  1  1  3  0  0/0    15:34   1:41   0:00 
Derek Forbort            0  1  1   1  5   2  0  0  1  1  0/0    17:25   3:09   1:24 
Jared Knight             0  3  3   0  0   3  1  3  3  1  2/2    22:20   6:51   2:34 
Jason Jaffray            0  0  0  -1  2   2  0  0  0  0  1/1    24:06   6:29   0:51 
Joe Morrow               1  0  1   1  0   2  2  1  3  0  0/0    20:22   4:50   1:24 
Jordan Hill              0  0  0   0  0   0  2  0  0  1  0/0    12:38   0:00   0:00 
Keith Ballard            1  1  2   1  0   3  5  3  0  4  0/0    27:00   7:31   2:34 
Matej Stransky           0  1  1   2  5   0  1  0  1  0  0/1    18:46   4:43   0:00 
Mathieu Tousignant       0  0  0   0  2   0  2  0  1  0  2/2    12:39   0:22   0:00 
Mikhail Grigorenko       0  2  2  -1  0   2  0  0  5  0  11/19  23:46   6:51   1:06 
Nathan Paetsch           1  0  1   1  0   1  2  0  1  2  0/0    22:26   7:31   2:34 
Raffi Torres             0  0  0   2  0   4  2  1  2  0  0/1    21:27   5:23   0:14 
Taylor Doherty           0  0  0   0  5   0  0  1  0  0  0/0     4:33   0:00   0:00 

Players Stats for Phantoms

Player Name              G  A  P  +/- PIM S  H  SB GA TA FO     MP     PP MP  PK MP  
------------------------------------------------------------------------------------
Chris Langkow            0  0  0  -3  0   0  0  0  0  0  6/16   15:57   1:47   0:00 
Denver Manderson         0  0  0  -1  0   0  2  1  0  1  0/1    15:50   0:24   0:00 
Farm Player34            0  0  0   0  0   0  1  0  0  1  0/0    19:29   0:00   6:41 
Farm Player37            0  0  0   0  0   0  0  0  1  0  2/6    15:30   0:00   1:47 
Farm Player38            0  0  0   0  0   0  0  0  0  0  0/0     4:52   0:00   0:00 
Garnet Exelby            0  0  0  -2  7   0  1  3  0  2  0/0    19:40   2:49   5:07 
Garrett Wilson           0  0  0  -3  0   4  2  1  3  2  0/1    19:12   1:47   3:37 
Greg Zanon               0  1  1   0  2   3  1  3  0  2  0/0    18:57   1:09   3:18 
Harri Pesonen            0  0  0   1  0   1  1  0  0  2  1/2    24:14   1:47   7:52 
Jonathan Hazen           0  0  0   0  0   2  0  1  3  0  0/0    13:44   0:00   1:01 
Josh Lunden              0  0  0   0  0   0  2  0  0  0  0/0     6:14   0:24   0:00 
Keegan Lowe              0  0  0   0  4   1  0  0  0  0  0/0    19:02   1:09   3:12 
Mark Van Guilder         0  0  0   1  0   0  3  0  1  1  1/1    17:36   2:11   3:37 
Randy Jones              0  0  0  -2  5   4  4  1  1  2  0/0    24:55   2:49   5:21 
Steve MacIntyre          0  0  0   0  0   0  0  0  0  0  0/0     0:00   0:00   0:00 
Ville Leino              1  0  1   1  0   2  2  4  4  0  10/20  24:03   1:47   7:44 
Zack FitzGerald          0  0  0   0  2   0  2  0  0  0  0/0    14:17   0:00   0:00 
Zack Stortini            0  0  0  -2  12  0  4  1  0  1  0/1    13:51   1:47   0:00 

3 Stars

1 - Keith Ballard (MAN)
2 - Brett Olson (MAN)
3 - Jared Knight (MAN)

Power Play

Monarchs - 2 on 7 Attempt(s) - 28.57%
Phantoms - 0 on 2 Attempt(s) - 0.00%

Penalty Kill

Monarchs - 2 on 2 Attempt(s) - 100.00% - Score 1 goal in Penalty Kill
Phantoms - 5 on 7 Attempt(s) - 71.43% - Score 0 goal in Penalty Kill

Team Stat

Monarchs - Hits : 23 - Faceoff Wins : 28 - Blocked Shots : 10 - Penalty Minutes : 24
Phantoms - Hits : 25 - Faceoff Wins : 20 - Blocked Shots : 15 - Penalty Minutes : 32

Official

Referees : Unknown
Linesman : Unknown

Game Notes

Bobby Robins beats up Randy Jones at 4:27 of 1st period
Derek Forbort beats up Zack Stortini at 3:50 of 2nd period
Taylor Doherty beats up Zack Stortini at 5:03 of 3rd period
Marek Mazanec enters game at 5:05 of 3rd period
Matej Stransky beats up Garnet Exelby at 5:53 of 3rd period

Finance

Level 1 -- Attendance: 1628 (81.40%) -- Ticket Income $29,304
Level 2 -- Attendance: 794 (79.40%) -- Ticket Income $5,558
Total Attendance: 2422 (80.73%)
Total Ticket Income: $34,862
Other Income: $17,082
Total Income: $51,944

Monarchs

5 vs 5 Forward 
   Center                   Left Wing                Right Wing               Time % Phy DF OF 
 1 Mikhail Grigorenko       Jason Jaffray            Jared Knight             35     1   2  2  
 2 Brett Olson              Raffi Torres             Matej Stransky           30     1   2  2  
 3 C.J. Stretch             Raffi Torres             Bobby Robins             22     1   2  2  
 4 Mathieu Tousignant       Jason Jaffray            Mikhail Grigorenko       13     1   2  2  

5 vs 5 Defense 
   Defense                  Defense                                           Time % Phy DF OF 
 1 Keith Ballard            Nathan Paetsch                                    35     1   2  2  
 2 Joe Morrow               Derek Forbort                                     30     1   2  2  
 3 David Rundblad           Jordan Hill                                       22     1   2  2  
 4 Taylor Doherty           Keith Ballard                                     13     1   2  2  

PowerPlay Forward 
   Center                   Left Wing                Right Wing               Time % Phy DF OF 
 1 Mikhail Grigorenko       Jason Jaffray            Jared Knight             60     1   2  2  
 2 Brett Olson              Raffi Torres             Matej Stransky           40     1   2  2  

PowerPlay Defense
   Defense                  Defense                                           Time % Phy DF OF 
 1 Keith Ballard            Nathan Paetsch                                    60     1   2  2  
 2 Joe Morrow               Derek Forbort                                     40     1   2  2  

Penalty Kill 4 Players Forward 
   Center                   Wing                     Time % Phy DF OF 
 1 Jason Jaffray            Jared Knight             60     1   2  2  
 2 Raffi Torres             Mikhail Grigorenko       40     1   2  2  

Penalty Kill 4 Players Defense
   Defense                  Defense                  Time % Phy DF OF 
 1 Keith Ballard            Nathan Paetsch           60     1   2  2  
 2 Joe Morrow               Derek Forbort            40     1   2  2  

Penalty Kill - 3 Players Forward 
   Forward                                           Time % Phy DF OF 
 1 Jason Jaffray                                     60     1   2  2  
 2 Mikhail Grigorenko                                40     1   2  2  

Penalty Kill - 3 Players Defense
   Defense                  Defense                  Time % Phy DF OF 
 1 Keith Ballard            Nathan Paetsch           60     1   2  2  
 2 Joe Morrow               Derek Forbort            40     1   2  2  

4 vs 4 Forward 
   Center                   Wing                     Time % Phy DF OF 
 1 Jason Jaffray            Brett Olson              60     1   2  2  
 2 Raffi Torres             Mikhail Grigorenko       40     1   2  2  

4 vs 4 Defense
   Defense                  Defense                  Time % Phy DF OF 
 1 Keith Ballard            Nathan Paetsch           60     1   2  2  
 2 Joe Morrow               Derek Forbort            40     1   2  2  

Last Minutes Offensive
   Center                   Left Wing                Right Wing               Defense                  Defense                  
   Mikhail Grigorenko       Jason Jaffray            Jared Knight             Keith Ballard            Nathan Paetsch           

Last Minutes Defensive
   Center                   Left Wing                Right Wing               Defense                  Defense                  
   Mikhail Grigorenko       Jason Jaffray            Jared Knight             Keith Ballard            Nathan Paetsch           

Goaltenders
Starting : Reto Berra               
Backup : Kenny Reiter             

Extra Forwards
Normal : C.J. Stretch, Mathieu Tousignant, Bobby Robins - PP : C.J. Stretch, Mathieu Tousignant - PK : Bobby Robins
Extra Defensemen
Normal : David Rundblad, Jordan Hill, Taylor Doherty - PP : David Rundblad - PK : Jordan Hill, Taylor Doherty
Penalty Shots
Jason Jaffray, Jared Knight, Raffi Torres, Mikhail Grigorenko, Brett Olson

Phantoms

5 vs 5 Forward 
   Center                   Left Wing                Right Wing               Time % Phy DF OF 
 1 Ville Leino              Harri Pesonen            Mark Van Guilder         35     1   2  2  
 2 Chris Langkow            Garrett Wilson           Zack Stortini            30     1   2  2  
 3 Farm Player37            Denver Manderson         Jonathan Hazen           22     1   2  2  
 4 Ville Leino              Josh Lunden              Harri Pesonen            13     1   2  2  

5 vs 5 Defense 
   Defense                  Defense                                           Time % Phy DF OF 
 1 Randy Jones              Garnet Exelby                                     35     1   2  2  
 2 Greg Zanon               Keegan Lowe                                       30     1   2  2  
 3 Zack FitzGerald          Farm Player34                                     22     1   2  2  
 4 Farm Player38            Randy Jones                                       13     1   2  2  

PowerPlay Forward 
   Center                   Left Wing                Right Wing               Time % Phy DF OF 
 1 Ville Leino              Harri Pesonen            Mark Van Guilder         60     1   2  2  
 2 Chris Langkow            Garrett Wilson           Zack Stortini            40     1   2  2  

PowerPlay Defense
   Defense                  Defense                                           Time % Phy DF OF 
 1 Randy Jones              Garnet Exelby                                     60     1   2  2  
 2 Greg Zanon               Keegan Lowe                                       40     1   2  2  

Penalty Kill 4 Players Forward 
   Center                   Wing                     Time % Phy DF OF 
 1 Ville Leino              Harri Pesonen            60     1   2  2  
 2 Mark Van Guilder         Garrett Wilson           40     1   2  2  

Penalty Kill 4 Players Defense
   Defense                  Defense                  Time % Phy DF OF 
 1 Randy Jones              Garnet Exelby            60     1   2  2  
 2 Greg Zanon               Keegan Lowe              40     1   2  2  

Penalty Kill - 3 Players Forward 
   Forward                                           Time % Phy DF OF 
 1 Ville Leino                                       60     1   2  2  
 2 Harri Pesonen                                     40     1   2  2  

Penalty Kill - 3 Players Defense
   Defense                  Defense                  Time % Phy DF OF 
 1 Randy Jones              Garnet Exelby            60     1   2  2  
 2 Greg Zanon               Keegan Lowe              40     1   2  2  

4 vs 4 Forward 
   Center                   Wing                     Time % Phy DF OF 
 1 Ville Leino              Harri Pesonen            60     1   2  2  
 2 Mark Van Guilder         Garrett Wilson           40     1   2  2  

4 vs 4 Defense
   Defense                  Defense                  Time % Phy DF OF 
 1 Randy Jones              Garnet Exelby            60     1   2  2  
 2 Greg Zanon               Keegan Lowe              40     1   2  2  

Last Minutes Offensive
   Center                   Left Wing                Right Wing               Defense                  Defense                  
   Ville Leino              Harri Pesonen            Mark Van Guilder         Randy Jones              Garnet Exelby            

Last Minutes Defensive
   Center                   Left Wing                Right Wing               Defense                  Defense                  
   Ville Leino              Harri Pesonen            Mark Van Guilder         Randy Jones              Garnet Exelby            

Goaltenders
Starting : Laurent Brossoit         
Backup : Marek Mazanec            

Extra Forwards
Normal : Denver Manderson, Josh Lunden, Jonathan Hazen - PP : Denver Manderson, Josh Lunden - PK : Jonathan Hazen
Extra Defensemen
Normal : Zack FitzGerald, Farm Player34, Farm Player37 - PP : Zack FitzGerald - PK : Farm Player34, Farm Player37
Penalty Shots
Ville Leino, Harri Pesonen, Mark Van Guilder, Garrett Wilson, Zack Stortini

% Time on Ice - Monarchs

Lines # - Real PCT - Wanted PCT - Time Play
Normal Forward
1 - 32% - 35% - 13:52
2 - 36% - 30% - 15:40
3 - 20% - 22% - 8:32
4 - 13% - 13% - 5:37
Normal Defense
1 - 28% - 35% - 12:21
2 - 32% - 30% - 14:08
3 - 29% - 22% - 12:38
4 - 10% - 13% - 4:34
PP Forward
1 - 55% - 60% - 6:51
2 - 45% - 40% - 5:30
PP Defense
1 - 61% - 60% - 7:31
2 - 39% - 40% - 4:50
PK Forward
1 - 94% - 60% - 3:44
2 - 6% - 40% - 0:14
PK Defense
1 - 65% - 60% - 2:34
2 - 35% - 40% - 1:24
PK3 Forward
1 - 0% - 60%
2 - 0% - 40%
PK3 Defense
1 - 0% - 60%
2 - 0% - 40%
44 Forward
1 - 0% - 60%
2 - 0% - 40%
44 Defense
1 - 0% - 60%
2 - 0% - 40%
Last Minute Offensive  - 0:00
Last Minute Defensive  - 0:00
Total
Forward - 60:00
Defense - 60:00

% Time on Ice - Phantoms

Lines # - Real PCT - Wanted PCT - Time Play
Normal Forward
1 - 30% - 35% - 13:09
2 - 32% - 30% - 14:10
3 - 28% - 22% - 12:23
4 - 9% - 13% - 3:59
Normal Defense
1 - 32% - 35% - 14:11
2 - 33% - 30% - 14:31
3 - 24% - 22% - 10:29
4 - 10% - 13% - 4:30
PP Forward
1 - 55% - 60% - 2:11
2 - 45% - 40% - 1:47
PP Defense
1 - 71% - 60% - 2:49
2 - 29% - 40% - 1:09
PK Forward
1 - 70% - 60% - 8:38
2 - 30% - 40% - 3:37
PK Defense
1 - 58% - 60% - 7:08
2 - 42% - 40% - 5:07
PK3 Forward
1 - 100% - 60% - 0:06
2 - 0% - 40% - 0:00
PK3 Defense
1 - 0% - 60% - 0:00
2 - 100% - 40% - 0:06
44 Forward
1 - 0% - 60%
2 - 0% - 40%
44 Defense
1 - 0% - 60%
2 - 0% - 40%
Last Minute Offensive  - 0:00
Last Minute Defensive  - 0:00
Total
Forward - 60:00
Defense - 60:00

Play by Play

1st period


0:01 of 1st period - Mikhail Grigorenko wins face-off versus Ville Leino in neutral zone.
0:12 of 1st period - Slapshot by Mikhail Grigorenko.
0:12 of 1st period - Shot Misses the Net.
0:14 of 1st period - Slapshot by Keith Ballard.
0:14 of 1st period - Shot Blocked by Randy Jones.
0:16 of 1st period - Backhand shot by Jason Jaffray.
0:16 of 1st period - Stopped by Laurent Brossoit without a rebound.
0:17 of 1st period - Mikhail Grigorenko wins face-off versus Ville Leino in Phantoms zone.
0:18 of 1st period - Slapshot by Nathan Paetsch.
0:18 of 1st period - Shot Blocked by Garnet Exelby.
0:20 of 1st period - Slapshot by Keith Ballard.
0:20 of 1st period - Stopped by Laurent Brossoit with a rebound.
0:41 of 1st period - Minor Penalty to Garnet Exelby for Roughing.
0:42 of 1st period - Ville Leino wins face-off versus Brett Olson in Phantoms zone.
1:04 of 1st period - Randy Jones is hit by Brett Olson and loses puck.
1:38 of 1st period - Keith Ballard is hit by Mark Van Guilder and loses puck.
1:50 of 1st period - Minor Penalty to Keegan Lowe for High sticking.
1:51 of 1st period - Mikhail Grigorenko wins face-off versus Ville Leino in Phantoms zone.
1:54 of 1st period - Snap shot by Mikhail Grigorenko.
1:54 of 1st period - Shot Blocked by Greg Zanon.
1:56 of 1st period - Snap shot by Joe Morrow.
1:56 of 1st period - Deflect By Greg Zanon.
1:56 of 1st period - Goal by Joe Morrow - Monarchs : 1 - Phantoms : 0.
1:57 of 1st period - Ville Leino wins face-off versus Mikhail Grigorenko in neutral zone.
1:59 of 1st period - Off-side.
2:00 of 1st period - Mikhail Grigorenko wins face-off versus Ville Leino in neutral zone.
2:13 of 1st period - Wrist shot by Mikhail Grigorenko.
2:13 of 1st period - Shot Misses the Net.
2:51 of 1st period - Derek Forbort is hit by Farm Player34 and loses puck.
3:15 of 1st period - Slapshot by Keith Ballard.
3:15 of 1st period - Deflect By Raffi Torres.
3:15 of 1st period - Stopped by Laurent Brossoit with a rebound.
3:35 of 1st period - Greg Zanon is hit by Keith Ballard.
3:50 of 1st period - Penalty to Keegan Lowe is over, Keegan Lowe is back on ice.
3:57 of 1st period - Keegan Lowe is hit by Raffi Torres and loses puck.
4:18 of 1st period - Snap shot by C.J. Stretch.
4:18 of 1st period - Stopped by Laurent Brossoit with a rebound.
4:20 of 1st period - Slapshot by David Rundblad.
4:20 of 1st period - Deflect By Raffi Torres.
4:20 of 1st period - Shot Blocked by Garnet Exelby.
4:20 of 1st period - Puck is out of play.
4:21 of 1st period - C.J. Stretch wins face-off versus Farm Player37 in Phantoms zone.
4:27 of 1st period - Bobby Robins beats up Randy Jones.
4:27 of 1st period - Penalty to Randy Jones for Fighting.
4:27 of 1st period - Penalty to Bobby Robins for Fighting.
4:28 of 1st period - Mikhail Grigorenko wins face-off versus Chris Langkow in Phantoms zone.
4:31 of 1st period - Slapshot by Mikhail Grigorenko.
4:31 of 1st period - Shot Misses the Net.
4:33 of 1st period - Slapshot by Derek Forbort.
4:33 of 1st period - Shot Blocked by Zack Stortini.
4:35 of 1st period - Snap shot by Jared Knight.
4:35 of 1st period - Stopped by Laurent Brossoit with a rebound.
4:41 of 1st period - Snap shot by Mikhail Grigorenko.
4:41 of 1st period - Stopped by Laurent Brossoit with a rebound.
4:43 of 1st period - Slapshot by Derek Forbort.
4:43 of 1st period - Deflect By Mikhail Grigorenko.
4:43 of 1st period - Shot Misses the Net.
4:43 of 1st period - Puck is out of play.
4:44 of 1st period - Jared Knight wins face-off versus Chris Langkow in Phantoms zone.
5:00 of 1st period - Minor Penalty to Zack Stortini for Holding Stick.
5:01 of 1st period - Mikhail Grigorenko wins face-off versus Harri Pesonen in Phantoms zone.
5:11 of 1st period - Wrist shot by Jared Knight.
5:11 of 1st period - Shot Misses the Net.
5:13 of 1st period - Snap shot by Jason Jaffray.
5:13 of 1st period - Shot Blocked by Ville Leino.
5:15 of 1st period - Wrist shot by Derek Forbort.
5:15 of 1st period - Shot Misses the Net.
5:17 of 1st period - Snap shot by Derek Forbort.
5:17 of 1st period - Stopped by Laurent Brossoit without a rebound.
5:18 of 1st period - Mikhail Grigorenko wins face-off versus Ville Leino in Phantoms zone.
5:51 of 1st period - Snap shot by Brett Olson.
5:51 of 1st period - Stopped by Laurent Brossoit with a rebound.
7:00 of 1st period - Penalty to Zack Stortini is over, Zack Stortini is back on ice.
7:17 of 1st period - Garnet Exelby is hit by Keith Ballard and loses puck.
7:22 of 1st period - Slapshot by David Rundblad.
7:22 of 1st period - Shot Blocked by Ville Leino.
7:24 of 1st period - Slapshot by C.J. Stretch.
7:24 of 1st period - Deflect By Raffi Torres.
7:24 of 1st period - Stopped by Laurent Brossoit with a rebound.
7:26 of 1st period - Backhand shot by Raffi Torres.
7:26 of 1st period - Stopped by Laurent Brossoit with a rebound.
7:28 of 1st period - Slapshot by David Rundblad.
7:28 of 1st period - Stopped by Laurent Brossoit with a rebound.
7:30 of 1st period - Slapshot by C.J. Stretch.
7:30 of 1st period - Deflect By Raffi Torres.
7:30 of 1st period - Shot Misses the Net.
7:30 of 1st period - Puck is out of play.
7:31 of 1st period - C.J. Stretch wins face-off versus Garrett Wilson in Phantoms zone.
7:40 of 1st period - C.J. Stretch is hit by Greg Zanon and loses puck.
7:58 of 1st period - Garrett Wilson is hit by David Rundblad and loses puck.
8:29 of 1st period - Wrist shot by Jonathan Hazen.
8:29 of 1st period - Shot Misses the Net.
8:31 of 1st period - Snap shot by Denver Manderson.
8:31 of 1st period - Shot Blocked by David Rundblad.
9:15 of 1st period - Off-side.
9:16 of 1st period - Chris Langkow wins face-off versus Brett Olson in neutral zone.
10:31 of 1st period - Brett Olson is hit by Zack Stortini and loses puck.
10:43 of 1st period - Icing by Farm Player34.
10:44 of 1st period - Brett Olson wins face-off versus Chris Langkow in Phantoms zone.
11:07 of 1st period - Slapshot by Randy Jones.
11:07 of 1st period - Shot Misses the Net.
11:43 of 1st period - David Rundblad is hit by Denver Manderson and loses puck.
12:08 of 1st period - Wrist shot by Garrett Wilson.
12:08 of 1st period - Shot Blocked by Jared Knight.
12:14 of 1st period - Slapshot by Chris Langkow.
12:14 of 1st period - Shot Blocked by Jared Knight.
12:30 of 1st period - Snap shot by Keith Ballard.
12:30 of 1st period - Shot Misses the Net.
12:32 of 1st period - Slapshot by Keith Ballard.
12:32 of 1st period - Deflect By Raffi Torres.
12:32 of 1st period - Shot Misses the Net.
12:32 of 1st period - Puck is out of play.
12:33 of 1st period - Ville Leino wins face-off versus Brett Olson in Phantoms zone.
13:06 of 1st period - Randy Jones is hit by Bobby Robins and loses puck.
13:25 of 1st period - Denver Manderson is hit by Mathieu Tousignant.
13:46 of 1st period - Minor Penalty to Mathieu Tousignant for Hooking.
13:47 of 1st period - Jason Jaffray wins face-off versus Ville Leino in Monarchs zone.
13:57 of 1st period - Jared Knight is hit by Ville Leino and loses puck.
14:22 of 1st period - Wrist shot by Greg Zanon.
14:22 of 1st period - Stopped by Reto Berra with a rebound.
14:26 of 1st period - Snap shot by Garrett Wilson.
14:26 of 1st period - Shot Misses the Net.
15:46 of 1st period - Penalty to Mathieu Tousignant is over, Mathieu Tousignant is back on ice.
15:48 of 1st period - Slapshot by Randy Jones.
15:48 of 1st period - Stopped by Reto Berra with a rebound.
15:50 of 1st period - Slapshot by Garnet Exelby.
15:50 of 1st period - Shot Blocked by Keith Ballard.
15:52 of 1st period - Snap shot by Garrett Wilson.
15:52 of 1st period - Shot Misses the Net.
15:54 of 1st period - Wrist shot by Garrett Wilson.
15:54 of 1st period - Stopped by Reto Berra with a rebound.
15:56 of 1st period - Slapshot by Garnet Exelby.
15:56 of 1st period - Deflect By Garrett Wilson.
15:56 of 1st period - Shot Misses the Net.
15:56 of 1st period - Puck is out of play.
15:57 of 1st period - Chris Langkow wins face-off versus Brett Olson in Monarchs zone.
15:58 of 1st period - Slapshot by Garrett Wilson.
15:58 of 1st period - Deflect By Zack Stortini.
15:58 of 1st period - Shot Misses the Net.
15:58 of 1st period - Puck is out of play.
15:59 of 1st period - Brett Olson wins face-off versus Chris Langkow in Monarchs zone.
16:53 of 1st period - Snap shot by Greg Zanon.
16:53 of 1st period - Shot Misses the Net.
16:55 of 1st period - Slapshot by Greg Zanon.
16:55 of 1st period - Stopped by Reto Berra with a rebound.
17:11 of 1st period - Denver Manderson is hit by Raffi Torres and loses puck.
17:33 of 1st period - Greg Zanon is hit by Jordan Hill and loses puck.
18:39 of 1st period - Slapshot by Keith Ballard.
18:39 of 1st period - Shot Blocked by Denver Manderson.
18:41 of 1st period - Backhand shot by Keith Ballard.
18:41 of 1st period - Shot Blocked by Jonathan Hazen.
19:11 of 1st period - Snap shot by Ville Leino.
19:11 of 1st period - Shot Blocked by Taylor Doherty.
19:25 of 1st period - Snap shot by Zack Stortini.
19:25 of 1st period - Shot Misses the Net.
19:27 of 1st period - Wrist shot by Garrett Wilson.
19:27 of 1st period - Deflect By Keith Ballard.
19:27 of 1st period - Stopped by Reto Berra with a rebound.
19:29 of 1st period - Slapshot by Farm Player34.
19:29 of 1st period - Shot Blocked by Keith Ballard.
19:31 of 1st period - Wrist shot by Zack Stortini.
19:31 of 1st period - Shot Misses the Net.
19:33 of 1st period - Slapshot by Garrett Wilson.
19:33 of 1st period - Stopped by Reto Berra with a rebound.
19:43 of 1st period - Brett Olson is hit by Harri Pesonen and loses puck.
Goals for this period are 1 for Monarchs vs 0 for Phantoms.
Shots for this period are 12 for Monarchs vs 6 for Phantoms.

2nd period


0:01 of 2nd period - Mark Van Guilder wins face-off versus Mikhail Grigorenko in neutral zone.
0:28 of 2nd period - Minor Penalty to Jason Jaffray for Interference.
0:29 of 2nd period - Bobby Robins wins face-off versus Zack Stortini in Monarchs zone.
0:43 of 2nd period - Backhand shot by Jared Knight.
0:43 of 2nd period - Shot Misses the Net.
0:45 of 2nd period - Snap shot by Keith Ballard.
0:45 of 2nd period - Deflect By Jared Knight.
0:45 of 2nd period - Stopped by Laurent Brossoit with a rebound.
0:47 of 2nd period - Slapshot by Nathan Paetsch.
0:47 of 2nd period - Deflect By Randy Jones.
0:47 of 2nd period - Goal by Nathan Paetsch - Monarchs : 2 - Phantoms : 0.
0:48 of 2nd period - Bobby Robins wins face-off versus Ville Leino in neutral zone.
0:51 of 2nd period - Slapshot by Keith Ballard.
0:51 of 2nd period - Stopped by Laurent Brossoit with a rebound.
1:05 of 2nd period - Slapshot by Randy Jones.
1:05 of 2nd period - Shot Misses the Net.
1:29 of 2nd period - Jared Knight is hit by Mark Van Guilder and loses puck.
2:28 of 2nd period - Penalty to Jason Jaffray is over, Jason Jaffray is back on ice.
3:12 of 2nd period - Slapshot by Denver Manderson.
3:12 of 2nd period - Shot Misses the Net.
3:18 of 2nd period - Greg Zanon is hit by Jordan Hill and loses puck.
3:50 of 2nd period - Derek Forbort beats up Zack Stortini.
3:50 of 2nd period - Penalty to Zack Stortini for Fighting.
3:50 of 2nd period - Penalty to Derek Forbort for Fighting.
3:51 of 2nd period - Brett Olson wins face-off versus Chris Langkow in Monarchs zone.
4:35 of 2nd period - Josh Lunden is hit by Mathieu Tousignant.
4:46 of 2nd period - Joe Morrow is hit by Zack FitzGerald and loses puck.
5:02 of 2nd period - Off-side.
5:03 of 2nd period - Farm Player37 wins face-off versus C.J. Stretch in neutral zone.
5:21 of 2nd period - Minor Penalty to Greg Zanon for High sticking.
5:22 of 2nd period - Ville Leino wins face-off versus Mikhail Grigorenko in Phantoms zone.
5:22 of 2nd period - Ville Leino is hit by Nathan Paetsch.
6:08 of 2nd period - Randy Jones is hit by Brett Olson and loses puck.
6:24 of 2nd period - Harri Pesonen is hit by Keith Ballard and loses puck.
6:47 of 2nd period - Backhand shot by Raffi Torres.
6:47 of 2nd period - Stopped by Laurent Brossoit with a rebound.
7:17 of 2nd period - Slapshot by David Rundblad.
7:17 of 2nd period - Goal by David Rundblad - Monarchs : 3 - Phantoms : 0.
7:18 of 2nd period - Bobby Robins wins face-off versus Denver Manderson in neutral zone.
7:45 of 2nd period - C.J. Stretch is hit by Randy Jones and loses puck.
8:08 of 2nd period - Icing by Jason Jaffray.
8:09 of 2nd period - Mikhail Grigorenko wins face-off versus Farm Player37 in Monarchs zone.
8:20 of 2nd period - Keegan Lowe is hit by Matej Stransky and loses puck.
8:29 of 2nd period - Slapshot by Greg Zanon.
8:29 of 2nd period - Shot Misses the Net.
8:31 of 2nd period - Slapshot by Keegan Lowe.
8:31 of 2nd period - Stopped by Reto Berra with a rebound.
8:46 of 2nd period - Minor Penalty to Keegan Lowe for Tripping.
8:47 of 2nd period - Harri Pesonen wins face-off versus Mikhail Grigorenko in Phantoms zone.
8:50 of 2nd period - Penalty to Zack Stortini is over, Zack Stortini is back on ice.
9:26 of 2nd period - Snap shot by David Rundblad.
9:26 of 2nd period - Shot Blocked by Ville Leino.
9:46 of 2nd period - Harri Pesonen is hit by Keith Ballard and loses puck.
10:09 of 2nd period - Matej Stransky is hit by Garrett Wilson and loses puck.
10:24 of 2nd period - Jared Knight is hit by Randy Jones and loses puck.
10:33 of 2nd period - Slapshot by Nathan Paetsch.
10:33 of 2nd period - Shot Misses the Net.
10:35 of 2nd period - Slapshot by Nathan Paetsch.
10:35 of 2nd period - Shot Blocked by Garrett Wilson.
10:46 of 2nd period - Penalty to Keegan Lowe is over, Keegan Lowe is back on ice.
10:53 of 2nd period - Ville Leino is hit by C.J. Stretch and loses puck.
11:30 of 2nd period - Slapshot by Jonathan Hazen.
11:30 of 2nd period - Stopped by Reto Berra with a rebound.
12:56 of 2nd period - Jonathan Hazen is hit by C.J. Stretch.
13:28 of 2nd period - Snap shot by Garrett Wilson.
13:28 of 2nd period - Shot Misses the Net.
14:08 of 2nd period - Slapshot by Randy Jones.
14:08 of 2nd period - Stopped by Reto Berra with a rebound.
14:10 of 2nd period - Backhand shot by Denver Manderson.
14:10 of 2nd period - Shot Blocked by Keith Ballard.
14:12 of 2nd period - Slapshot by Randy Jones.
14:12 of 2nd period - Stopped by Reto Berra with a rebound.
14:33 of 2nd period - Icing by Greg Zanon.
14:34 of 2nd period - Mikhail Grigorenko wins face-off versus Chris Langkow in Phantoms zone.
14:35 of 2nd period - Wrist shot by David Rundblad.
14:35 of 2nd period - Shot Misses the Net.
15:13 of 2nd period - C.J. Stretch is hit by Randy Jones and loses puck.
16:24 of 2nd period - Slapshot by Garnet Exelby.
16:24 of 2nd period - Shot Misses the Net.
18:28 of 2nd period - Keith Ballard is hit by Josh Lunden and loses puck.
18:45 of 2nd period - Snap shot by Zack Stortini.
18:45 of 2nd period - Shot Misses the Net.
18:51 of 2nd period - Snap shot by Chris Langkow.
18:51 of 2nd period - Deflect By Zack Stortini.
18:51 of 2nd period - Shot Blocked by Joe Morrow.
18:51 of 2nd period - Puck is out of play.
18:52 of 2nd period - Chris Langkow wins face-off versus Brett Olson in Monarchs zone.
18:53 of 2nd period - Snap shot by Zack Stortini.
18:53 of 2nd period - Shot Blocked by Raffi Torres.
18:56 of 2nd period - Icing by Matej Stransky.
18:57 of 2nd period - Ville Leino wins face-off versus Brett Olson in Monarchs zone.
18:58 of 2nd period - Snap shot by Greg Zanon.
18:58 of 2nd period - Stopped by Reto Berra with a rebound.
Goals for this period are 2 for Monarchs vs 0 for Phantoms.
Shots for this period are 5 for Monarchs vs 5 for Phantoms.

3rd period


0:01 of 3rd period - Jared Knight wins face-off versus Ville Leino in neutral zone.
0:54 of 3rd period - Nathan Paetsch is hit by Zack Stortini and loses puck.
1:13 of 3rd period - Snap shot by Brett Olson.
1:13 of 3rd period - Stopped by Laurent Brossoit with a rebound.
1:15 of 3rd period - Slapshot by Joe Morrow.
1:15 of 3rd period - Shot Misses the Net.
1:17 of 3rd period - Snap shot by Matej Stransky.
1:17 of 3rd period - Shot Blocked by Garnet Exelby.
1:19 of 3rd period - Slapshot by Derek Forbort.
1:19 of 3rd period - Deflect By Randy Jones.
1:19 of 3rd period - Stopped by Laurent Brossoit with a rebound.
1:21 of 3rd period - Wrist shot by Brett Olson.
1:21 of 3rd period - Goal by Brett Olson - Monarchs : 4 - Phantoms : 0.
1:22 of 3rd period - Farm Player37 wins face-off versus Bobby Robins in neutral zone.
1:27 of 3rd period - Slapshot by Greg Zanon.
1:27 of 3rd period - Deflect By Denver Manderson.
1:27 of 3rd period - Shot Misses the Net.
1:27 of 3rd period - Puck is out of play.
1:28 of 3rd period - C.J. Stretch wins face-off versus Farm Player37 in Monarchs zone.
2:19 of 3rd period - Ville Leino is hit by Joe Morrow and loses puck.
2:33 of 3rd period - Greg Zanon is hit by Joe Morrow and loses puck.
2:40 of 3rd period - Jared Knight is hit by Zack FitzGerald and loses puck.
3:50 of 3rd period - Off-side.
3:51 of 3rd period - Mathieu Tousignant wins face-off versus Ville Leino in neutral zone.
3:59 of 3rd period - David Rundblad is hit by Josh Lunden and loses puck.
4:46 of 3rd period - Jared Knight is hit by Garnet Exelby and loses puck.
5:03 of 3rd period - Taylor Doherty beats up Zack Stortini.
5:03 of 3rd period - Penalty to Zack Stortini for Fighting.
5:03 of 3rd period - Penalty to Taylor Doherty for Fighting.
5:04 of 3rd period - Brett Olson wins face-off versus Chris Langkow in Phantoms zone.
5:05 of 3rd period - Slapshot by Keith Ballard.
5:05 of 3rd period - Deflect By Greg Zanon.
5:05 of 3rd period - Goal by Keith Ballard - Monarchs : 5 - Phantoms : 0.
5:05 of 3rd period - Marek Mazanec enters game.
5:06 of 3rd period - Ville Leino wins face-off versus Mikhail Grigorenko in neutral zone.
5:29 of 3rd period - Wrist shot by Ville Leino.
5:29 of 3rd period - Stopped by Reto Berra with a rebound.
5:37 of 3rd period - Snap shot by Ville Leino.
5:37 of 3rd period - Goal by Ville Leino - Monarchs : 5 - Phantoms : 1.
5:38 of 3rd period - Chris Langkow wins face-off versus Raffi Torres in neutral zone.
5:41 of 3rd period - Nathan Paetsch is hit by Garrett Wilson and loses puck.
5:53 of 3rd period - Matej Stransky beats up Garnet Exelby.
5:53 of 3rd period - Penalty to Garnet Exelby for Fighting.
5:53 of 3rd period - Penalty to Matej Stransky for Fighting.
5:54 of 3rd period - Ville Leino wins face-off versus Mikhail Grigorenko in Monarchs zone.
6:04 of 3rd period - Off-side.
6:05 of 3rd period - Mikhail Grigorenko wins face-off versus Ville Leino in neutral zone.
6:24 of 3rd period - Keith Ballard is hit by Mark Van Guilder and loses puck.
6:39 of 3rd period - Slapshot by Randy Jones.
6:39 of 3rd period - Shot Blocked by Jared Knight.
6:41 of 3rd period - Slapshot by Randy Jones.
6:41 of 3rd period - Deflect By Keith Ballard.
6:41 of 3rd period - Stopped by Reto Berra without a rebound.
6:42 of 3rd period - Brett Olson wins face-off versus Chris Langkow in Monarchs zone.
6:59 of 3rd period - Slapshot by Brett Olson.
6:59 of 3rd period - Stopped by Marek Mazanec without a rebound.
6:59 of 3rd period - Minor Penalty to Marek Mazanec for Slashing.
7:00 of 3rd period - Ville Leino wins face-off versus Mikhail Grigorenko in Phantoms zone.
7:04 of 3rd period - Off-side.
7:05 of 3rd period - Ville Leino wins face-off versus Mikhail Grigorenko in neutral zone.
7:20 of 3rd period - Wrist shot by Mikhail Grigorenko.
7:20 of 3rd period - Shot Misses the Net.
7:22 of 3rd period - Slapshot by Mikhail Grigorenko.
7:22 of 3rd period - Shot Misses the Net.
7:24 of 3rd period - Snap shot by Mikhail Grigorenko.
7:24 of 3rd period - Shot Blocked by Ville Leino.
7:26 of 3rd period - Wrist shot by Jared Knight.
7:26 of 3rd period - Shot Misses the Net.
7:28 of 3rd period - Snap shot by Keith Ballard.
7:28 of 3rd period - Shot Misses the Net.
7:30 of 3rd period - Wrist shot by Mikhail Grigorenko.
7:30 of 3rd period - Stopped by Marek Mazanec with a rebound.
7:32 of 3rd period - Snap shot by Jared Knight.
7:32 of 3rd period - Stopped by Marek Mazanec with a rebound.
8:00 of 3rd period - Keith Ballard is hit by Ville Leino and loses puck.
8:05 of 3rd period - Snap shot by Harri Pesonen.
8:05 of 3rd period - Stopped by Reto Berra with a rebound.
8:21 of 3rd period - Ville Leino is hit by Keith Ballard and loses puck.
8:59 of 3rd period - Penalty to Greg Zanon is over, Greg Zanon is back on ice.
10:26 of 3rd period - David Rundblad is hit by Denver Manderson.
10:58 of 3rd period - Taylor Doherty is hit by Zack Stortini.
11:27 of 3rd period - Denver Manderson is hit by Jared Knight and loses puck.
12:01 of 3rd period - Off-side.
12:02 of 3rd period - C.J. Stretch wins face-off versus Chris Langkow in neutral zone.
12:05 of 3rd period - Slapshot by David Rundblad.
12:05 of 3rd period - Stopped by Marek Mazanec without a rebound.
12:06 of 3rd period - Chris Langkow wins face-off versus Matej Stransky in Phantoms zone.
12:43 of 3rd period - Slapshot by Joe Morrow.
12:43 of 3rd period - Stopped by Marek Mazanec with a rebound.
15:11 of 3rd period - Wrist shot by David Rundblad.
15:11 of 3rd period - Deflect By Jason Jaffray.
15:11 of 3rd period - Stopped by Marek Mazanec with a rebound.
15:13 of 3rd period - Slapshot by David Rundblad.
15:13 of 3rd period - Stopped by Marek Mazanec with a rebound.
16:00 of 3rd period - Keith Ballard is hit by Randy Jones and loses puck.
16:13 of 3rd period - Joe Morrow is hit by Zack Stortini and loses puck.
16:36 of 3rd period - Slapshot by Keith Ballard.
16:36 of 3rd period - Shot Misses the Net.
16:54 of 3rd period - Slapshot by Mathieu Tousignant.
16:54 of 3rd period - Shot Misses the Net.
16:56 of 3rd period - Wrist shot by David Rundblad.
16:56 of 3rd period - Stopped by Marek Mazanec with a rebound.
16:58 of 3rd period - Slapshot by David Rundblad.
16:58 of 3rd period - Deflect By Jason Jaffray.
16:58 of 3rd period - Shot Blocked by Greg Zanon.
16:58 of 3rd period - Puck is out of play.
16:59 of 3rd period - Mathieu Tousignant wins face-off versus Farm Player37 in Phantoms zone.
17:12 of 3rd period - Snap shot by Jonathan Hazen.
17:12 of 3rd period - Stopped by Reto Berra with a rebound.
17:26 of 3rd period - Slapshot by David Rundblad.
17:26 of 3rd period - Stopped by Marek Mazanec with a rebound.
17:28 of 3rd period - Slapshot by David Rundblad.
17:28 of 3rd period - Shot Misses the Net.
17:30 of 3rd period - Slapshot by David Rundblad.
17:30 of 3rd period - Stopped by Marek Mazanec without a rebound.
17:31 of 3rd period - Chris Langkow wins face-off versus C.J. Stretch in Phantoms zone.
17:48 of 3rd period - Snap shot by Garrett Wilson.
17:48 of 3rd period - Stopped by Reto Berra without a rebound.
17:49 of 3rd period - Mikhail Grigorenko wins face-off versus Chris Langkow in Monarchs zone.
18:08 of 3rd period - Slapshot by Greg Zanon.
18:08 of 3rd period - Shot Misses the Net.
18:32 of 3rd period - Wrist shot by Mark Van Guilder.
18:32 of 3rd period - Shot Misses the Net.
18:39 of 3rd period - Minor Penalty to Zack FitzGerald for Hooking.
18:40 of 3rd period - Ville Leino wins face-off versus Brett Olson in Phantoms zone.
19:09 of 3rd period - Snap shot by Ville Leino.
19:09 of 3rd period - Shot Misses the Net.
19:21 of 3rd period - Slapshot by Keith Ballard.
19:21 of 3rd period - Shot Blocked by Greg Zanon.
19:58 of 3rd period - Garnet Exelby is hit by Nathan Paetsch and loses puck.
Goals for this period are 2 for Monarchs vs 1 for Phantoms.
Shots for this period are 14 for Monarchs vs 6 for Phantoms.


Output by the SimonT Hockey Simulator (STHS) for Eric Dolegowski -- Original Page W3C XHTML 1.0 Valid
Hockey Simulator - Hockey Simulation - Hockey Manager